 Dungeon Crawl Stone Soup version 0.31-a0-200-gbc41564c69 (webtiles) character file.

Game seed: 14971447546492556105

105 qw the Skirmisher (level 4, -1/25 HPs)
             Began as a Deep Elf Hunter on June 25, 2023.
             Slain by a sky beast (5 damage)
             ... on level 3 of the Dungeon.
             The game lasted 00:00:31 (1916 turns).

qw the Skirmisher (Deep Elf Hunter)                 Turns: 1916, Time: 00:00:32

Health: -1/25      AC:  6    Str: 10    XL:     4   Next: 54%
Magic:  6/6        EV: 11    Int: 14    God:
Gold:   118        SH:  0    Dex: 18    Spells: 3/3 levels left

rFire   . . .        Y - +0 shortbow
rCold   . . .        (shield currently unavailable)
rNeg    . . .        j - +0 ring mail
rPois   .            d - +1 hat
rElec   .            (no cloak)
rCorr   .            (no gloves)
SInv    .            (no boots)
Will    .....        i - amulet of the acrobat
Stlth   +            (no ring)
HPRegen 0.24/turn    (no ring)
MPRegen 0.10/turn

%: acrobat
@: about to teleport
A: no striking features
a: no special abilities


You were on level 3 of the Dungeon.
You visited 1 branch of the dungeon, and saw 3 of its levels.

You collected 118 gold pieces.


   Skills:
 - Level 1.5 Fighting
 + Level 8.0 Ranged Weapons
 - Level 2.4 Dodging
 - Level 1.2 Stealth


You had 3 spell levels left.
You didn't know any spells.
Your spell library was empty.

Inventory:

Hand Weapons
 Y - a +0 shortbow (weapon)
Armour
 d - a +1 hat (worn)
 j - a +0 ring mail (worn)
Jewellery
 i - an amulet of the acrobat (around neck)
Scrolls
 f - a scroll of identify
Potions
 a - a potion of enlightenment
 b - a potion of attraction {unknown}
 c - a potion of brilliance {unknown}
 h - a potion of curing

Dungeon Overview and Level Annotations

Branches:
Dungeon (3/15)

Altars:


Message History

The hound bites you. The jackal bites you.
The sky beast flickers out of sight!
Deactivating autopickup; reactivate with Ctrl-A.
The hound bites you but does no damage. The jackal barely misses you.
You shoot an arrow.
The arrow hits the hound but does no damage.
The hound is almost dead.
The hound bites you but does no damage.
A goblin comes into view. It is wielding a +0 club.
The jackal completely misses you. The hound bites you.
Something hits you but does no damage.
You shoot an arrow. The arrow closely misses the hound.
The goblin shouts!
The arrow hits the kobold.
You kill the kobold!
The jackal bites you but does no damage.
The hound closely misses you.
The jackal bites you but does no damage.
Something hits you but does no damage. The hound closely misses you.
You shoot an arrow. The arrow hits the hound.
The hound is almost dead.
The jackal bites you. The hound bites you but does no damage.
Something hits you but does no damage. The jackal closely misses you.
You shoot an arrow. The arrow hits the hound.
You kill the hound!
The jackal misses you. Something hits you but does no damage.
You shoot an arrow. The arrow barely misses the jackal.
The jackal closely misses you. Something hits you. Something shocks you.
The jackal bites you but does no damage.
1914 ||| READING scroll of teleportation.
As you read the scroll of teleportation, it crumbles to dust.
You feel strangely unstable. The jackal closely misses you.
Something hits you but does no damage.
You shoot an arrow. The arrow hits the jackal!
You kill the jackal!
The goblin hits you with a +0 club. Something hits you but does no damage.
Your Ranged Weapons skill increases to level 8!
You shoot an arrow. The arrow hits the goblin.
You kill the goblin!
Something hits you. Something shocks you.
You die...

.. .. .# # #+ .#
#.##.#+##.#
#.......#.###.##
#....#%......
#....@)).....
#....#{......
#########.#....###
###
#.......#.#.####
..# #.#####.#.#..
#.#####.# #.#.#..
........###
#.#.#...
#...#.....#
#.#.#.##
###.+.....# #.#.#


There were no monsters in sight!

Vanquished Creatures
  A hound (D:3)
  2 adders (D:2)
  3 worms (D:2)
  4 dart slugs
  A bat (D:1)
  6 endoplasms
  2 giant cockroaches
  3 goblins
  2 hobgoblins (D:1)
  A jackal (D:3)
  5 kobolds
  A quokka (D:2)
  4 ball pythons
  4 frilled lizards
  4 rats
43 creatures vanquished.

Notes
Turn   | Place    | Note
-------+----------+-------------------------------------------
     0 | D:1      | qw the Deep Elf Hunter began the quest for the Orb.
     0 | D:1      | Reached XP level 1. HP: 12/12 MP: 3/3
     0 | D:1      | 0 ||| qw: Version: 0.3-a-22-g0ed2b0b
     0 | D:1      | 0 ||| qw: Game counter: 5636
     0 | D:1      | 0 ||| qw: Melee chars always use a shield: true
     0 | D:1      | 0 ||| qw: God list: Okawaru
     0 | D:1      | 0 ||| qw: Allow faded altars: false
     0 | D:1      | 0 ||| qw: Do Orc after clearing Dungeon:15 true
     0 | D:1      | 0 ||| qw: Do second Lair branch before Depths: true
     0 | D:1      | 0 ||| qw: Lair rune preference: random
     0 | D:1      | 0 ||| qw: Goals: Normal
     0 | D:1      | 0 ||| PLANNING D:1-11
   161 | D:1      | Reached XP level 2. HP: 16/16 MP: 4/4
   162 | D:1      | Reached skill level 6 in Ranged Weapons
   323 | D:1      | You fall into a shaft and drop 1 floor!
   395 | D:2      | Reached XP level 3. HP: 20/20 MP: 5/5
   461 | D:2      | Reached skill level 7 in Ranged Weapons
   483 | D:2      | 483 ||| UPGRADING to +1 hat.
   488 | D:2      | 488 ||| UPGRADING to +0 ring mail.
   498 | D:2      | 498 ||| DROPPING +0 leather armour.
   499 | D:2      | 499 ||| UPGRADING to amulet of the acrobat.
   504 | D:2      | 504 ||| READING scroll labelled XADYDA YRICK.
   505 | D:2      | 505 ||| READING scroll labelled UDOSOM MOGHEA.
   506 | D:2      | 506 ||| READING scroll labelled PADIXOETSI.
   507 | D:2      | 507 ||| DRINKING 2 bubbling yellow potions.
   508 | D:2      | 508 ||| DROPPING scroll of butterflies.
   748 | D:1      | 748 ||| DRINKING 2 red potions.
  1272 | D:2      | Reached XP level 4. HP: 25/25 MP: 6/6
  1681 | D:2      | 1681 ||| READING 2 scrolls labelled FIGIOM QEHU.
  1905 | D:3      | Noticed a sky beast
  1913 | D:3      | HP: 6/25 [something (6)]
  1914 | D:3      | 1914 ||| READING scroll of teleportation.
  1916 | D:3      | Reached skill level 8 in Ranged Weapons
  1916 | D:3      | Slain by a sky beast

Levels and vault maps discovered:
D:1:      wheals_arrival_linesprint, layout_rooms, minmay_cut_off
D:2:      layout_basic
D:3:      minmay_recursive_quarters, layout_basic, grunt_temple_overflow_open

Skill      XL: |  1  2  3  4 |
---------------+-------------+-----
Ranged Weapons | 6 7 8 |  8.0
Fighting       | |  1.5
Dodging        | |  2.4
Stealth        | |  1.2

Action                     |  1- 3 |  4- 6 || total
---------------------------+-------+-------++-------
   Fire: Shortbow          |    81 |    20 ||   101
    Use: Scroll            |     3 |     2 ||     5
         Potion            |     2 |       ||     2
 Armour: Leather armour    |     2 |       ||     2
         Ring mail         |     1 |    15 ||    16
  Dodge: Dodged            |    10 |    11 ||    21

Table legend:
 A = Non-vault XP
 B = Vault XP
 C = Vault XP percentage of total XP
 D = Non-vault monster count
 E = Vault monster count
 F = Vault count percentage of total count
                 A         B        C        D         E       F
            +---------+---------+-------+---------+---------+-------
      Total |     148 |       5 |   3.3 |      40 |       3 |   7.0
            +---------+---------+-------+---------+---------+-------
        D:1 |      25 |       2 |   7.4 |      14 |       1 |   6.7
        D:2 |      75 |       0 |   0.0 |      21 |       0 |   0.0
        D:3 |      48 |       3 |   5.9 |       5 |       2 |  28.6
            +---------+---------+-------+---------+---------+-------
